 Dungeon Crawl Stone Soup version 0.30.0-29-ga12c61a403 (webtiles) character file.

Game seed: 3440142286150145936

25914 MacCMillion the Nimble (level 13, -1/82 HPs)
             Began as a Tengu Summoner on June 8, 2023.
             Was a High Priest of Sif Muna.
             Killed from afar by a hell hog (14 damage)
             ... with a fireball
             ... in a volcano.
             The game lasted 00:48:15 (14613 turns).

MacCMillion the Nimble (Tengu Summoner)            Turns: 14613, Time: 00:48:16

Health: -1/82      AC: 14    Str:  9    XL:     13   Next: 22%
Magic:  20/28      EV: 19    Int: 30    God:    Sif Muna [*****.]
Gold:   893        SH:  0    Dex: 16    Spells: 19/32 levels left

rFire   + . .        H - +5 spear "Xuur" {freeze, Int+5}
rCold   x . .        (no shield)
rNeg    . . .        C - +6 ring mail of Miracles {Slay+2}
rPois   .            (helmet restricted)
rElec   .            (no cloak)
rCorr   .            d - +2 pair of gloves
SInv    .            (boots unavailable)
Will    .....        O - amulet of magic regeneration
Stlth   +            M - +6 ring of intelligence
HPRegen 0.33/turn    V - ring of fire
MPRegen 0.61/turn

%: no passive effects
@: flying quickly and evasively, studying Invocations, quick
A: beak, talons 3, nimble flight
a: Renounce Religion, Channel Magic, Forget Spell, Divine Exegesis


You were in a volcano.
You worshipped Sif Muna.
Sif Muna was extremely pleased with you.
You visited 3 branches of the dungeon, and saw 15 of its levels.
You also visited: Ossuary and Volcano.

You collected 893 gold pieces.

Inventory:

Hand Weapons
 e - a +0 dagger
 A - a +2 short sword of protection
 H - the +5 spear "Xuur" (weapon) {freeze, Int+5}
   (You found it on level 5 of the Dungeon)

   Int:       It affects your intelligence (+5).
Missiles
 D - 5 throwing nets
Armour
 a - a +0 robe
 d - a +2 pair of gloves (worn)
 C - the +6 ring mail of Miracles (worn) {Slay+2}
   (You found it on level 4 of the Dungeon)

   Slay:      It affects your accuracy & damage with ranged weapons and melee
   (+2).
 U - the +0 pair of gloves of Cofea {rElec Dex+2}
   (You found it on level 2 of the Lair of Beasts)

   Dex:       It affects your dexterity (+2).
   rElec:     It insulates you from electricity.
Jewellery
 h - a ring of willpower
 j - a +6 ring of strength
 I - an amulet of reflection
 L - a ring of positive energy
 M - a +6 ring of intelligence (left hand)
 O - an amulet of magic regeneration (around neck)
 Q - the ring of Free Expression {rC+ rN+ Str+3 Int+4}
   (You acquired it on level 3 of the Lair of Beasts)

   [ring of protection from cold]

   Str:       It affects your strength (+3).
   Int:       It affects your intelligence (+4).
   rC:        It protects you from cold.
   rN:        It protects you from negative energy.
 S - a +6 ring of intelligence
 V - a ring of fire (right hand)
Wands
 K - a wand of acid (4)
 N - a wand of roots (18)
 P - a wand of mindburst (12)
 T - a wand of flame (15)
Scrolls
 f - a scroll of magic mapping
 g - 2 scrolls of poison
 i - 3 scrolls of fear {unknown}
 m - 4 scrolls of amnesia {unknown}
 n - 2 scrolls of fog
 p - 2 scrolls of torment
 q - 2 scrolls of silence {unknown}
 v - 8 scrolls of teleportation {unknown}
 w - 7 scrolls of noise {unknown}
 y - 3 scrolls of enchant armour
 B - 2 scrolls of blinking
 E - 2 scrolls of immolation
Potions
 b - a potion of magic
 c - 11 potions of curing {unknown}
 k - a potion of cancellation
 l - 5 potions of heal wounds
 o - 2 potions of attraction
 r - 2 potions of degeneration
 s - 3 potions of might
 t - 2 potions of flight
 u - 4 potions of brilliance
 x - 4 potions of lignification
 z - a potion of berserk rage {unknown}
 F - 2 potions of mutation {unknown}
 G - 3 potions of invisibility
 J - 3 potions of ambrosia {unknown}
 R - a potion of haste {unknown}


   Skills:
 + Level 10.2 Fighting
 + Level 13.1 Dodging
 - Level 2.0 Stealth
 - Level 10.0 Spellcasting
 - Level 11.0 Summonings
 - Level 7.0 Air Magic
 + Level 8.4 Invocations


You had 19 spell levels left.
You knew the following spells:

 Your Spells              Type           Power      Damage    Failure   Level
a - Summon Small Mammal   Summ           100%       N/A       1%          1
b - Call Imp              Summ           100%       N/A       1%          2
c - Call Canine Familiar  Summ           69%        N/A       1%          3
d - Summon Lightning Spi  Summ/Air       62%        N/A       2%          4
e - Summon Guardian Gole  Hex/Summ       48%        N/A       3%          3

Your spell library contained the following spells:

 Spells                   Type           Power      Damage    Failure   Level
 Static Discharge         Conj/Air       72%        2-5/arc   3%          2
 Airstrike                Air            27%        2d(4-20)  5%          4
 Cigotuvi's Dreadful Rot  Necr/Pois/Air  56%        N/A       6%          2
 Sandblast                Erth           30%        2d9       10%         1
 Ensorcelled Hibernation  Hex/Ice        30%        N/A       14%         2
 Passwall                 Tmut/Erth      12%        N/A       14%         2
 Hailstorm                Conj/Ice       15%        3d5       28%         3
 Ignite Poison            Fire/Tmut/Pois 22%        N/A       28%         3
 Portal Projectile        Hex/Tloc       30%        N/A       28%         3
 Stone Arrow              Conj/Erth      30%        3d8       28%         3
 Leda's Liquefaction      Hex/Erth       7%         N/A       67%         4
 Olgreb's Toxic Radiance  Pois           15%        N/A       67%         4
 Sticky Flame             Conj/Fire      22%        2d4       67%         4
 Eringya's Noxious Bog    Tmut/Pois      7%         N/A       100%        6
 Ignition                 Fire           11%        3d5       100%        8
 Chain Lightning          Conj/Air       18%        3d24      100%        9
 Fire Storm               Conj/Fire      11%        8d3       100%        9
 Polar Vortex             Ice            7%         N/A       100%        9
 Shatter                  Erth           7%         3d10*     100%        9


Dungeon Overview and Level Annotations

Branches:
Dungeon (11/15)            Temple (1/1) D:4            Lair (3/5) D:8
 Shoals (0/4) Lair:3       Spider (0/4) Lair:2          Orc (0/2) D:11
Ossuary (visited)         Volcano (1/1)

Altars:
Ashenzari
Cheibriados
Dithmenos
Elyvilon
Fedhas
Gozag
Hepliaklqana
Kikubaaqudgha
Makhleb
Nemelex Xobeh
Okawaru
Qazlal
Ru
Sif Muna
Trog
Uskayaw
Vehumet
Wu Jian
Xom
Yredelemnul
Zin
The Shining One

Shops:
D:6 *   D:10 *

Annotations:
D:9 exclusion: 3 electric eels


Innate Abilities, Weirdness & Mutations

You have a beak for a mouth.
You have claws for feet.
Your magical nature lets you fly swiftly and evasively.


Message History

You add the spells Ensorcelled Hibernation, Cigotuvi's Dreadful Rot, Hailstorm, Olgreb's Toxic Radiance, Eringya's Noxious Bog and Polar Vortex to your library.
The fire bat is engulfed in poison gas.
The fire bat looks even sicker.
The fire bat bites you but does no damage.
The fire bat completely misses you. The fire bat misses you.
A fire bat comes into view. x2
The fire bat bites you but does no damage.
The fire bat is engulfed in poison gas.
The fire bat is poisoned.
The fire bat is engulfed in poison gas.
The fire bat looks as sick as possible!
The hell hog looks even sicker.
The hell hog bites you.
Your lightning spire shoots out a bolt of lightning at the fire bat!
The bolt of electricity hits the hell hog!
The bolt of electricity hits the fire bat!
The fire bat dies!
Sif Muna accepts your kill.
The bolt of electricity hits the fire bat!!
The fire bat dies!
Sif Muna accepts your kill.
The fire bat is engulfed in poison gas.
The fire bat looks as sick as possible!
There is nothing on the other side of the stone arch.
Casting: Call Canine Familiar (safe; 1% risk of failure)
Confirm with . or Enter, or press ? or * to list all spells.
The fire bat looks more healthy.
The fire bat is engulfed in poison gas.
The fire bat looks as sick as possible!
The fire bat bites you but does no damage. x2
The fire bat is engulfed in poison gas.
The fire bat looks as sick as possible!
The fire bat bites you but does no damage.
The fire bat bites you.
* * * LOW HITPOINT WARNING * * *
You are engulfed in flames.
You resist.
* * * LOW HITPOINT WARNING * * *
The hell hog is engulfed in poison gas.
The hell hog looks as sick as possible!
The hell hog misses you.
The fire bat is engulfed in poison gas.
The fire bat looks as sick as possible!
The fire bat bites you.
* * * LOW HITPOINT WARNING * * *
You are engulfed in flames.
You resist.
* * * LOW HITPOINT WARNING * * *
The hell hog is engulfed in poison gas.
The hell hog looks as sick as possible!
The hell hog breathes fire at you.
The fireball explodes!
The fireball engulfs you! You resist.
You die...

# ## # ∩#§# ○.
!○§ ## §#
#.###°##°☼ b
#8§○°b§###.
)°b###§☼§.○°bb..
#Dbb.h@b°#
##.#hb.[##
#§.°## #§#§#§b
#☼§####..# ☼§§
#.. .[[. ○§##
... ##∩. ### .$!
# ####


You could see a fire dragon, a hell hog (extremely poisoned, catching breath,
ally target), 8 fire bats, a friendly warg (summoned) and a friendly lightning
spire (summoned).

Vanquished Creatures
  A gargoyle (D:11)
  An unseen horror zombie (D:9)
  A cane toad (Lair:3)
  A hornet (D:10)
  A blink frog (Lair:2)
  11 yaks
  A fire bat (Volcano)
  2 wyverns
  A basilisk (Lair:3)
  A vampire mosquito (D:11)
  A steam dragon (D:7)
  A water moccasin (D:7)
  2 ice beasts
  6 wolves
  A kobold brigand (D:7)
  2 bullfrogs
  A scorpion (D:6)
  2 killer bees (D:9)
  2 howler monkeys
  An orc priest (D:9)
  A jelly (D:6)
  3 orc wizards
  5 gnolls
  A shadow imp (D:6)
  6 orcs
  A ball python (D:2)
  A bat (D:2)
  A hobgoblin (D:4)
  A kobold (D:8)
  A hobgoblin zombie (Ossuary)
  A quokka zombie (Ossuary)
62 creatures vanquished.

Vanquished Creatures (collateral kills)
  4 death yaks (Lair:2)
  Urug (D:10)
  A cyclops (D:11)
  A black mamba (Lair:2)
  A merfolk siren (Lair:3)
  A gargoyle (D:11)
  A cane toad (Lair:3)
  A kobold demonologist (D:9)
  A rime drake (D:8)
  A komodo dragon (Lair:2)
  5 unseen horror zombies (D:9)
  2 trolls (D:11)
  2 polar bears
  5 dream sheep (Lair:3)
  A jumping spider (Lair:2)
  A vampire (D:11)
  20 yaks
  4 wyverns
  A wraith (D:11)
  6 fire bats (Volcano)
  2 steam dragons
  7 vampire mosquitoes
  An acid dragon (D:10)
  A hell hound (Volcano)
  8 water moccasins
  2 sky beasts
  2 ice beasts
  An ogre (D:4)
  11 wolves
  A centaur (D:6)
  3 phantoms
  2 kobold brigands
  5 bullfrogs
  A gnoll sergeant (D:9)
  2 scorpions
  14 wights
  4 killer bees (D:9)
  4 howler monkeys (D:9)
  7 centaur zombies
  2 jellies
  5 orc priests
  5 hounds
  A human zombie (Ossuary)
  2 gnoll boudas
  5 orc wizards
  2 iguanas
  5 hell rats (Lair:3)
  A killer bee zombie (D:9)
  2 ogre zombies (Ossuary)
  8 mummies
  12 gnolls
  5 adders
  A white imp (D:8)
  3 adder zombies (Ossuary)
  2 worms
  3 dart slugs
  19 orcs
  3 endoplasms
  4 giant cockroaches
  A gnoll zombie (Ossuary)
  3 goblins
  2 hobgoblins
  17 kobolds
  5 quokkas
  3 ball pythons
  A frilled lizard (D:2)
  2 goblin zombies (Ossuary)
  5 hobgoblin zombies
  6 kobold zombies (Ossuary)
  An orc zombie (D:4)
  3 quokka zombies (Ossuary)
  2 rats (D:1)
  3 rat zombies (Ossuary)
  A butterfly (D:7)
283 creatures vanquished.

Vanquished Creatures (others)
  A black mamba (Lair:3)
  A polar bear (Lair:3)
  2 blink frogs (Lair:2)
  A steam dragon (Volcano)
  An orc (D:9)
6 creatures vanquished.

Grand Total: 351 creatures vanquished

Notes
Turn   | Place    | Note
-------+----------+-------------------------------------------
     0 | D:1      | MacCMillion the Tengu Summoner began the quest for the Orb.
     0 | D:1      | Reached XP level 1. HP: 10/10 MP: 4/4
   271 | D:1      | Reached skill level 5 in Summonings
   310 | D:1      | Reached XP level 2. HP: 15/15 MP: 6/6
   725 | D:2      | Learned a level 2 spell: Call Imp
  1126 | D:2      | Reached XP level 3. HP: 19/19 MP: 7/7
  1130 | D:2      | Learned a level 3 spell: Call Canine Familiar
  2283 | D:4      | Reached XP level 4. HP: 24/24 MP: 1/9
  2412 | D:4      | Found a sand-covered staircase.
  2425 | D:4      | Gained mutation: Your magical nature lets you fly swiftly
                  | and evasively. [Tengu growth]
  2425 | D:4      | Reached XP level 5. HP: 28/28 MP: 10/10
  2431 | Ossuary  | Entered an ossuary
  2575 | Ossuary  | Reached skill level 1 in Fighting
  2899 | Ossuary  | Reached XP level 6. HP: 37/37 MP: 7/11
  3333 | D:4      | Reached skill level 5 in Fighting
  3333 | D:4      | Reached XP level 7. HP: 44/44 MP: 4/12
  3485 | D:4      | Reached skill level 3 in Dodging
  3485 | D:4      | Found a white marble altar of Elyvilon.
  3581 | D:4      | Found a staircase to the Ecumenical Temple.
  3590 | Temple   | Entered the Ecumenical Temple
  3837 | D:4      | Identified the +6 ring mail of Miracles {Slay+2}
  4098 | D:4      | Reached skill level 4 in Dodging
  4370 | D:5      | Entered Level 5 of the Dungeon
  5076 | D:5      | Found an ornate altar of the Wu Jian Council.
  5100 | D:5      | Reached XP level 8. HP: 49/49 MP: 8/13
  5356 | D:5      | Reached skill level 5 in Dodging
  5697 | D:5      | Identified the +5 spear "Xuur" {freeze, Int+5}
  5889 | D:6      | Found Lovuqyrch's Elemental Accessories.
  5903 | D:6      | Found a snail-covered altar of Cheibriados.
  6067 | D:6      | Reached skill level 6 in Dodging
  6081 | D:6      | Reached skill level 7 in Dodging
  6156 | D:6      | Found a shimmering blue altar of Sif Muna.
  6156 | D:6      | Identified the +1 scale mail of Cheibriados {rF- rC+ Dex+3}
  6165 | D:6      | Became a worshipper of Sif Muna the Loreminder
  6335 | D:6      | Found an ancient bone altar of Kikubaaqudgha.
  6343 | D:6      | Found a sacrificial altar of Ru.
  6385 | D:6      | Reached skill level 8 in Dodging
  6385 | D:6      | Reached skill level 1 in Air Magic
  6385 | D:6      | Reached skill level 1 in Invocations
  6385 | D:6      | Reached XP level 9. HP: 48/54 MP: 10/14
  6471 | D:6      | Learned a level 4 spell: Summon Lightning Spire
  7138 | D:7      | Reached * piety under Sif Muna
  7148 | D:7      | Reached skill level 10 in Summonings
  7174 | D:7      | Reached skill level 5 in Invocations
  7199 | D:7      | Found an opulent altar of Gozag.
  7279 | D:7      | Reached skill level 5 in Air Magic
  7380 | D:7      | Found a shimmering altar of Xom.
  7534 | D:8      | Noticed a rime drake
  7779 | D:8      | Reached XP level 10. HP: 59/59 MP: 13/16
  8273 | D:8      | Found a staircase to the Lair.
  8358 | D:8      | Found a glowing silver altar of Zin.
  8591 | D:9      | Reached skill level 9 in Dodging
  8595 | D:9      | Reached ** piety under Sif Muna
  8866 | D:9      | Found a hide-covered altar of Uskayaw.
  8866 | D:9      | Noticed a +0 dagger
  8866 | D:9      | Noticed a +0 falchion
  8866 | D:9      | Noticed a +0 short sword
  8867 | D:9      | Noticed a +0 dagger
  8867 | D:9      | Noticed a +0 spear
  8868 | D:9      | Noticed a +0 falchion
  8868 | D:9      | Noticed a +0 short sword
  8869 | D:9      | Noticed a +0 spear
  8930 | D:9      | Noticed a kobold demonologist
  8954 | D:9      | Killed a kobold demonologist
  8955 | D:9      | Reached skill level 5 in Spellcasting
  9039 | D:9      | Reached XP level 11. HP: 66/66 MP: 14/19
  9345 | D:9      | Reached skill level 10 in Dodging
  9667 | D:9      | Reached *** piety under Sif Muna
  9845 | D:9      | Noticed a centaur warrior
  9845 | D:9      | Noticed a skeletal warrior
  9847 | D:9      | Noticed a cyclops
  9850 | D:9      | Noticed a purple ugly thing
 10064 | D:9      | Found a stormy altar of Qazlal.
 10289 | D:10     | Entered Level 10 of the Dungeon
 10392 | D:10     | Found Seomaili's Fire Supplies.
 10710 | D:10     | Noticed Urug
 10721 | D:10     | Killed Urug
 10930 | D:11     | Noticed a cyclops
 10938 | D:11     | Killed a cyclops
 11037 | D:11     | Found a staircase to the Orcish Mines.
 11104 | D:11     | Reached skill level 11 in Dodging
 11104 | D:11     | Reached XP level 12. HP: 69/75 MP: 23/23
 11556 | Lair:1   | Entered Level 1 of the Lair of Beasts
 11572 | Lair:1   | Reached **** piety under Sif Muna
 11602 | Lair:1   | Learned a level 3 spell: Summon Guardian Golem
 12572 | Lair:2   | Identified the +5 dire flail of Attainder {speed, Int+2}
 12575 | Lair:2   | Found a hide-covered altar of Uskayaw.
 12598 | Lair:2   | Noticed a death yak
 12598 | Lair:2   | Noticed a death yak
 12599 | Lair:2   | Noticed a death yak
 12602 | Lair:2   | Noticed a death yak
 12617 | Lair:2   | Killed a death yak
 12618 | Lair:2   | Reached skill level 12 in Dodging
 12620 | Lair:2   | Killed a death yak
 12623 | Lair:2   | Killed a death yak
 12627 | Lair:2   | Killed a death yak
 12628 | Lair:2   | Reached skill level 10 in Fighting
 13172 | Lair:2   | Identified the +0 pair of gloves of Cofea {rElec Dex+2}
 13615 | Lair:2   | Found a hole to the Spider Nest.
 14227 | Lair:3   | Identified a scroll of acquirement
 14228 | Lair:3   | Acquired the ring of Free Expression {rC+ rN+ Str+3 Int+4}
 14241 | Lair:3   | Reached XP level 13. HP: 82/82 MP: 19/27
 14243 | Lair:3   | Reached skill level 13 in Dodging
 14366 | Lair:3   | Found a staircase to the Shoals.
 14438 | Lair:3   | Reached skill level 10 in Spellcasting
 14460 | Lair:3   | Reached ***** piety under Sif Muna
 14592 | Lair:3   | Found a dark tunnel.
 14597 | Volcano  | Entered a volcano
 14604 | Volcano  | Received a gift from Sif Muna
 14608 | Volcano  | Noticed a fire dragon
 14612 | Volcano  | Got Sif Muna's Discourse on Unclean Chilblains {god gift}
 14613 | Volcano  | Killed from afar by a hell hog

Illustrated notes

Levels and vault maps discovered:
D:1:      minmay_arrival_open_corners, layout_rooms
D:2:      layout_basic, nicolae_eternal_life, nicolae_figureground_sparkle
D:3:      layout_basic
D:4:      layout_loops_cross, nicolae_elyvilon_temple_path,
          minmay_temple_entry_sparse_star, nicolae_ossuary_entry_giza,
          chequers_hall_statues_corner_a, kennysheep_nub
D:5:      layout_rooms, mainiacjoe_overflow_concentric_impassable
D:6:      layout_loops_ring, mainiacjoe_overflow_cross_hatched,
          mainiacjoe_overflow_big_doors, cheibriados_altar_1,
          nicolae_elemental_shop, grunt_ministairs_6
D:7:      layout_gridville, xom_butterflies, lemuel_tele_altar
D:8:      layout_cave_pools, lemuel_doored_altar, hellmonk_lair_entry_icy
D:9:      layout_basic, nicolae_uskayaw_en_pointe,
          lemuel_coloured_pillars_altar, serial_undead, serial_undead_a,
          serial_undead_e, serial_undead_f, serial_undead_f, serial_undead_f,
          serial_undead_d, onia_ninara_dug_in_and_dangerous
D:10:     layout_cave_pools, nicolae_shop_fire_sale [nicolae_sub_dead_trees],
          uniq_urug
D:11:     layout_roguey, orc_0_dummy
Temple:   jpeg_temple_clearing
Lair:1:   layout_roguey, chequers_serial_rivers_micro_e, grunt_megastairs_5
Lair:2:   beast_lair_carwin_large_1, layout_loops_ring,
          spider_nest_entry_rubble, basic_altar
Lair:3:   layout_gridlike, minmay_shoals_entry_lonely_mermaid, enter_volcano_4,
          st_stairs_13, grunt_megastairs_3
Volcano:  volcano_caves

Skill      XL: |  1  2  3  4  5  6  7  8  9 10 11 12 13 |
---------------+----------------------------------------+-----
Summonings     | 5 6 7 8 9 10 11 | 11.0
Spellcasting   | 3 5 7 9 10 | 10.0
Fighting       | 3 5 6 8 10 | 10.2
Dodging        | 4 8 9 11 12 13 | 13.1
Air Magic      | 1 6 7 |  7.0
Invocations    | 1 6 8 |  8.4
Stealth        | |  2.0

Action                     |  1- 3 |  4- 6 |  7- 9 | 10-12 | 13-15 || total
---------------------------+-------+-------+-------+-------+-------++-------
  Melee: Dagger            |     5 |     6 |       |       |       ||    11
         Kick              |       |     3 |     9 |    24 |     1 ||    37
         Short sword       |       |       |    24 |       |       ||    24
         Peck              |       |       |     3 |     9 |     2 ||    14
         Spear             |       |       |    47 |   157 |    15 ||   219
         Punch             |       |       |       |     3 |       ||     3
   Cast: Summon Small Mamm |    41 |     2 |     1 |     1 |       ||    45
         Call Canine Famil |     2 |    14 |    40 |    49 |     6 ||   111
         Call Imp          |     2 |     8 |    24 |    13 |     1 ||    48
         Summon Lightning  |       |       |     6 |    57 |     7 ||    70
         Summon Guardian G |       |       |       |     4 |     3 ||     7
    Use: Scroll            |       |       |    13 |     2 |     4 ||    19
   Stab: Distracted        |       |       |     3 |    10 |       ||    13
 Armour: Robe              |     2 |     2 |     2 |       |       ||     6
         Ring mail         |       |       |    18 |    23 |    25 ||    66
  Dodge: Dodged            |    13 |     6 |    42 |    89 |    44 ||   194
  Block: Other             |       |       |     8 |     6 |       ||    14
         Reflection        |       |       |     3 |       |       ||     3
